 Dungeon Crawl Stone Soup version 0.32-a0-818-gb728d0252e (webtiles) character file.

Game seed: 9426272372883530801

530742 Pooter the Executioner (level 24, -7/236 HPs)
             Began as a Minotaur Berserker on Mar 18, 2024.
             Was a High Priest of Trog.
             Mangled by a skeletal warrior
             ... wielding a +0 short sword
              (9 damage)
             ... on level 3 of the Crypt on Mar 23, 2024.
             The game lasted 06:31:49 (78094 turns).

Pooter the Executioner (Minotaur Berserker)        Turns: 78094, Time: 06:31:49

Health: -7/236     AC: 36    Str: 33      XL:     24   Next: 41%
Magic:  19/19      EV: 14    Int:  9 (13) God:    Trog [*****.]
Gold:   4347       SH:  5    Dex: 17      Spells: 23/23 levels left

rFire   + . .        a - +5 executioner's axe (flame)
rCold   + . .        (shield currently unavailable)
rNeg    . . .        m - +6 gold dragon scales
rPois   +            X - +2 hat {Will+}
rElec   .            M - scarf {repulsion}
rCorr   .            p - +2 pair of gloves
SInv    +            G - +1 pair of boots of Perfidy {Int+3}
Will    ++++.        K - amulet of the Sun {Reflect Int+6 SH+5} Stlth
                     S - ring of see invisible
HPRegen 1.59/turn    V - +6 ring of strength
MPRegen 0.16/turn

%: repel missiles, reflection
@: lethally poisoned (-7 -> -10), silenced, strong-willed, regenerating, slowed,
studying 2 skills, very slow
A: horns 2, retaliatory headbutt, hooves 1, deterioration 1, low MP 1
}: 3/15 runes: decaying, slimy, gossamer
a: Renounce Religion


You were on level 3 of the Crypt.
You worshipped Trog.
Trog was extremely pleased with you.
You visited 11 branches of the dungeon, and saw 50 of its levels.
You visited 1 bazaar.
You also visited: Bailey and Wizlab.

You collected 6652 gold pieces.
You spent 2305 gold pieces at shops.

Inventory:

Hand Weapons
 a - a +5 executioner's axe of flaming (weapon)
   (You found it in a bailey)
 b - a +2 arbalest of freezing
   (You found it on level 3 of the Lair of Beasts)
 d - the +0 arbalest "Jikabetu" {penet, *Slow rF- Str+8 SInv}
   (You found it on level 4 of the Vaults)

   Str+8:     It affects your strength (+8).
   rF-:       It makes you vulnerable to fire.
   SInv:      It lets you see invisible.
   *Slow:     It may slow you when you take damage.
 s - a +4 arbalest
   (You found it on level 3 of the Vaults)
 E - the +8 mithril axe "Arga" {speed, Will+}
   (You took it off an ironbound preserver on level 2 of the Vaults)

   Will+:     It increases your willpower.
Missiles
 k - 14 curare-tipped darts
 l - 22 boomerangs (quivered)
Armour
 i - a scarf of resistance
   (You found it on level 5 of the Pits of Slime)
 m - +6 gold dragon scales (worn)
   (You found it on level 4 of the Depths)
 p - a +2 pair of gloves (worn)
   (You found it on level 14 of the Dungeon)
 r - the +7 plate armour of Jistrer {rElec rN+ Int+3}
   (You took it off an orc on level 6 of the Dungeon)

   Int+3:     It affects your intelligence (+3).
   rElec:     It insulates you from electricity.
   rN+:       It protects you from negative energy.
 G - the +1 pair of boots of Perfidy (worn) {Int+3}
   (You bought it in a shop in a bazaar)

   Int+3:     It affects your intelligence (+3).
 L - a +2 plate armour of poison resistance
   (You bought it in a shop on level 4 of the Dungeon)
 M - a scarf of repulsion (worn)
   (You bought it in a shop on level 2 of the Elven Halls)
 X - a +2 hat of willpower (worn)
   (You found it on level 4 of the Spider Nest)
Jewellery
 v - a ring of flight
   (You found it on level 6 of the Dungeon)
 w - an amulet of regeneration
   (You bought it in a shop on level 2 of the Orcish Mines)
 F - a ring of protection from fire
   (You found it on level 3 of the Lair of Beasts)
 I - the ring of Lefuruw {rC+ Dex+6 SInv}
   (You found it on level 1 of the Depths)

   [ring of protection from cold]

   Dex+6:     It affects your dexterity (+6).
   rC+:       It protects you from cold.
   SInv:      It lets you see invisible.
 J - the ring of Pemec {rC+ Str+6 Dex+5}
   (You found it on level 5 of the Pits of Slime)

   [ring of protection from cold]

   Str+6:     It affects your strength (+6).
   Dex+5:     It affects your dexterity (+5).
   rC+:       It protects you from cold.
 K - the amulet of the Sun (around neck) {Reflect Int+6 SH+5}
   (You found it on level 5 of the Pits of Slime)

   [amulet of reflection]

   Reflect:   It reflects blocked missile attacks.
   Int+6:     It affects your intelligence (+6).
   SH+5:      It affects your SH (+5).
 N - a ring of positive energy
   (You found it on level 1 of the Lair of Beasts)
 S - a ring of see invisible (left hand)
   (You bought it in a shop on level 2 of the Orcish Mines)
 T - the ring "Qaguenie" {Wiz rC+ rN+ Str+3}
   (You found it on level 5 of the Pits of Slime)

   [ring of wizardry]

   Wiz:       It improves your spell success rate.
   Str+3:     It affects your strength (+3).
   rC+:       It protects you from cold.
   rN+:       It protects you from negative energy.
 V - a +6 ring of strength (right hand)
   (You found it on level 5 of the Lair of Beasts)
 Y - the ring of Eternity {rElec rCorr Dex+6}
   (You acquired it on level 14 of the Dungeon)

   [ring of dexterity]

   Dex+6:     It affects your dexterity (+6).
   rElec:     It insulates you from electricity.
   rCorr:     It protects you from acid and corrosion.
Wands
 f - a wand of flame (39)
   (You took it off Joseph on level 8 of the Dungeon)
 u - a wand of paralysis (14)
   (You found it on level 5 of the Dungeon)
 x - a wand of acid (15)
   (You found it on level 3 of the Spider Nest)
 D - a wand of digging (10)
   (You found it on level 1 of the Depths)
 Q - a wand of mindburst (11)
   (You found it on level 15 of the Dungeon)
 R - a wand of polymorph (17)
   (You found it on level 2 of the Depths)
 Z - a wand of roots (36)
   (You took it off Maurice on level 9 of the Dungeon)
Scrolls
 h - 12 scrolls of immolation {!r}
 j - 4 scrolls of fog
 n - 4 scrolls of fear
 t - 20 scrolls of teleportation {@r4}
 B - a scroll of blinking
 C - 6 scrolls of silence
 H - 4 scrolls of revelation
 P - 4 scrolls of poison {!r}
Potions
 c - 5 potions of enlightenment
 g - 3 potions of mutation {!q}
 o - 18 potions of curing {@q1}
 q - 3 potions of haste {@q3}
 y - a potion of resistance
 z - 6 potions of cancellation
 A - 3 potions of attraction {!q}
 O - 3 potions of heal wounds {@q2}
Miscellaneous
 U - a phantom mirror
   (You found it on level 5 of the Lair of Beasts)
 W - a box of beasts
   (You found it on level 3 of the Vaults)


   Skills:
 + Level 23.4 Fighting
 + Level 24.1(24.3) Axes
 - Level 6.4(17.1) Polearms
 + Level 17.7 Ranged Weapons
 - Level 10.6 Throwing
 + Level 18.6 Armour
 - Level 16.9 Dodging
 - Level 14.1 Stealth
 + Level 13.4 Evocations


You had 23 spell levels left.
You didn't know any spells.
Your spell library was empty.

Dungeon Overview and Level Annotations

Branches:
Dungeon (15/15) Zot: 24753  Temple (0/1) D:5            Lair (5/5) D:9 Zot: 19321
  Swamp (4/4) Lair:3 Zot: 15300  Spider (4/4) Lair:2 Zot: 15128   Slime (5/5) Lair:4 Zot: 25288
    Orc (2/2) D:10 Zot: 8955     Elf (3/3) Orc:2 Zot: 11732  Vaults (4/5) D:13 Zot: 17459
  Crypt (3/3) Vaults:3 Zot: 15153  Depths (4/4) D:15 Zot: 15232    Hell (visited)
    Zot (0/5) Depths:4     Bailey (visited)          WizLab (visited)
   Tomb: Crypt:3        Dis: Hell:1         Geh: Hell:1         Coc: Hell:1
    Tar: Hell:1

Altars:
Dithmenos
Elyvilon
Gozag
Kikubaaqudgha
Makhleb
Okawaru
Qazlal
Xom
Yredelemnul
Zin
Jiyva
Lugonu

Shops:
D:4 [   D:12 ([:   Orc:2 ==*=   Elf:1 [   Elf:2 *   Elf:3 (:(   Vaults:3 (
Depths:4 =:=

Portals:
Hell: Depths:1 Depths:2 Depths:3 Depths:4
Abyss: Depths:2 Depths:3 Depths:4
Pandemonium: Depths:2 Depths:3
Ziggurat: Depths:4

Annotations:
Spider:1 3 runed translucent doors, cforsyth's ghost, adept MDCA
Elf:2 5 runed translucent doors
Hell Geryon


Innate Abilities, Weirdness & Mutations

You have a pair of horns on your head.
You reflexively headbutt those who attack you in melee.
You have large cloven feet.
Your body sometimes deteriorates upon taking damage.
Your magical capacity is low. (-10% MP)


Message History

* * * LOW HITPOINT WARNING * * *
You block the skeletal warrior's attack.
The royal mummy hits you but does no damage.
The death knight hits you but does no damage.
The skeletal warrior completely misses you.
The skeletal warrior hits you but does no damage.
The skeletal warrior hits you with a +0 short sword.
* * * LOW HITPOINT WARNING * * *
You carve the royal mummy like a ham!!! You burn the royal mummy!!
You destroy the royal mummy!
Trog accepts your kill.
Trog appreciates your killing of a magic user.
You hit the skeletal warrior but do no damage.
You slash the skeletal warrior! You burn the skeletal warrior.
You completely miss the skeletal warrior.
You open the skeletal warrior like a pillowcase!!!
You burn the skeletal warrior.
You feel extremely nervous for a moment...
Pain shoots through your body!
* * * LOW HITPOINT WARNING * * *
The death knight's dark mirror aura disappears.
The skeletal warrior closely misses you.
The skeletal warrior barely misses you.
The death knight hits you but does no damage.
A death knight comes into view. It is wielding a +3 battleaxe.
The skeletal warrior hits you but does no damage.
You are poisoned.
The skeletal warrior hits you but does no damage.
You block the skeletal warrior's attack.
Your life force feels restored.
You feel much better.
You feel very sick.
The skeletal warrior closely misses you.
The skeletal warrior misses you. You furiously retaliate!
You headbutt the skeletal warrior, but do no damage.
The skeletal warrior hits you but does no damage.
You block the death knight's attack.
The skeletal warrior hits you but does no damage.
You are electrocuted!
* * * LOW HITPOINT WARNING * * *
The skeletal warrior barely misses you. You furiously retaliate!
You headbutt the skeletal warrior, but do no damage.
The death knight offers itself to Yredelemnul, and fills with unholy energy.
The skeletal warrior hits you with a +0 hand axe of electrocution!
* * * LOW HITPOINT WARNING * * *
The skeletal warrior hits you but does no damage. x3
You are lethally poisoned!
The death knight hits you but does no damage.
The skeletal warrior hits you with a +0 short sword!
You die...

...............
..###⌠...⌠###..
########'''#####
#....))).........
#.....)).........
##.###.......###.
# ###.......###.#
.......z.......
......zz@)......
#.###...zz..###.#
# #...p...#
............
.............
###.......###.#
#..p....# #
.........


You could see 2 death knights and 5 skeletal warriors.

Vanquished Creatures
  the Royal Jelly (Slime:5)
  Frederick (Depths:4)
  Khufu (Crypt:3)
  Mara (Depths:2)
  Sojobo (Crypt:1)
  2 royal mummies (Crypt:3)
  the Lernaean hydra (Swamp:3)
  A caustic shrike (Depths:1)
  2 golden dragons (Depths:4)
  Zenata (Vaults:3)
  2 tentacled monstrosities
  4 hellephants
  4 liches (Depths:2)
  Asterion (Depths:1)
  3 sphinxes
  17 acid blobs
  6 ancient champions
  A shadow dragon (Depths:1)
  A storm dragon (Depths:4)
  2 fenstrider witches
  Kirke (Lair:5)
  Aizul (Swamp:3)
  Donald (Orc:1)
  12 rockslimes
  2 tengu reavers (Crypt:1)
  6 azure jellies
  A draconian knight (Depths:4)
  6 frost giants
  2 deep elf sorcerers
  A draconian shifter (Depths:4)
  7 fire giants
  4 revenants
  6 emperor scorpions
  10 vault wardens
  A draconian scorcher (Depths:4)
  4 ghost moths
  A balrug (Depths:3)
  2 iron dragons (Depths:1)
  A curse skull (Crypt:2)
  A caustic shrike zombie (WizLab)
  18 ironbound preservers
  2 reapers (Depths:2)
  An orc warlord (Vaults:3)
  A broodmother (Spider:1)
  A spriggan defender (Depths:1)
  3 cacodemons (Depths:2)
  5 ghouls
  8 stone giants
  12 quicksilver oozes (Slime:5)
  9 ironbound thunderhulks
  7 formless jellyfish
  12 very ugly things
  2 deep elf annihilators
  2 war gargoyles (Vaults:2)
  5 deep elf death magi
  3 vampire knights
  6 bunyips
  2 dire elephants
  11 spark wasps
  2 spectral titans (WizLab)
  A black draconian (Depths:4)
  A purple draconian (Depths:4)
  3 white draconians (Depths:4)
  A yellow draconian (Depths:4)
  7 eleionomae
  4 halazid warlocks (WizLab)
  9 eidola
  4 ettins
  2 blizzard demons
  2 deep elf high priests
  2 mummy priests (Depths:2)
  A fire dragon (shapeshifter) (Depths:3)
  4 crystal guardians
  8 jiangshi
  5 fire dragons
  16 yaktaur captains
  11 great orbs of eyes
  3 entropy weavers
  12 ice dragons
  2 rakshasas (Depths:2)
  A caustic shrike simulacrum (Depths:1)
  A jorogumo (Spider:3)
  4 peacekeepers
  6 alligators
  Erica (D:9)
  7 ironbound frosthearts
  24 hydras
  4 vault guards
  4 spriggan air magi
  4 catoblepae
  9 centaur warriors
  7 ogre magi
  9 boulder beetles
  15 two-headed ogres
  A ghost crab (Lair:3)
  16 dancing weapons
  8 demonic crawlers
  25 death yaks
  3 deep troll shamans
  6 radroaches
  5 deep troll earth magi
  A tengu warrior (Depths:1)
  A death scarab (Spider:3)
  An occultist (Depths:2)
  10 vampire magi
  2 orc high priests
  2 shock serpents (Depths:1)
  5 hell hogs (Depths:3)
  21 hell knights
  A spriggan berserker (Depths:4)
  16 spriggans
  Nergalle (D:10)
  21 deep elf knights
  4 soul eaters
  4 shadow wraiths
  The ghost of Arkalis the Protected, a novice MiFi of Nemelex Xobeh (Lair:1)
  A storm dragon zombie (Crypt:2)
  16 skeletal warriors
  A spectral catoblepas (Lair:3)
  A fire crab (D:12)
  A spark wasp zombie (WizLab)
  A skyshark (Lair:4)
  A spectral spark wasp (WizLab)
  3 iron trolls
  8 pharaoh ants
  2 sixfirhies (Depths:2)
  A golden dragon zombie (Crypt:1)
  2 sea snakes (Depths:1)
  2 death drakes (Depths:1)
  3 flayed ghosts
  2 goliath frogs (Swamp:1)
  8 orb spiders
  3 glowing orange brains
  A deep troll (shapeshifter) (Vaults:2)
  55 deep trolls
  2 spectral wolf spiders (WizLab)
  7 bog bodies
  11 swamp dragons
  7 arcanists
  A wolf spider zombie (WizLab)
  6 orc knights
  15 deep elf archers
  2 mana vipers (Depths:1)
  4 lightning spires (Depths:1)
  11 ironbound convokers
  A lindwurm (Lair:2)
  An apis zombie (Depths:2)
  5 steelbarb worms
  2 thermic dynamos (Elf:1)
  8 phantasmal warriors
  27 deep elf pyromancers
  6 manticores
  25 deep elf zephyrmancers
  2 oklob plants
  27 ugly things
  23 wolf spiders
  9 shining eyes
  A moth of wrath (shapeshifter) (Depths:2)
  3 will-o-the-wisps
  A necromancer (WizLab)
  9 cyclopes
  Maurice (D:9)
  3 orc sorcerers
  3 spectral spriggans (WizLab)
  2 manticores (shapeshifter) (Depths:2)
  13 vault sentinels
  7 meliai
  6 moths of wrath
  3 black mambas
  3 kobold blastminers
  4 torpor snails
  9 elephants
  2 ice statues (Depths:1)
  A frost giant skeleton (Crypt:2)
  2 eyes of devastation
  A water nymph (D:15)
  3 gargoyles
  Joseph (D:8)
  12 cane toads
  A torpor snail (shapeshifter) (Depths:2)
  A green draconian zombie (Crypt:2)
  A white draconian zombie (Crypt:1)
  Maggie (D:6)
  3 rime drakes
  A yaktaur (shapeshifter) (Depths:2)
  4 kobold demonologists
  A tormentor (Depths:4)
  33 yaktaurs
  A death yak skeleton (Crypt:1)
  A bunyip simulacrum (Depths:1)
  An efreet (D:12)
  A golden dragon simulacrum (Depths:1)
  9 komodo dragons
  6 guardian mummies (Depths:2)
  2 tengu conjurers
  A spectral skyshark (Lair:3)
  A pale draconian skeleton (Crypt:2)
  An ice devil (Hell)
  2 bloated husks (Swamp:2)
  2 wind drakes (shapeshifter)
  2 polar bears
  23 hornets
  16 trolls
  7 tyrant leeches
  32 tarantellas
  2 raiju (Depths:1)
  Prince Ribbit (D:8)
  22 blink frogs
  A raiju (shapeshifter) (Elf:1)
  5 dream sheep (Lair:5)
  2 boulder beetle zombies (Crypt:1)
  A fire giant simulacrum (Depths:2)
  A glass eye (Slime:5)
  A culicivora (shapeshifter) (Depths:2)
  4 air elementals
  77 slime creatures
  A spectral black mamba (Lair:3)
  A shadow (D:11)
  13 jumping spiders
  2 fire dragon skeletons
  2 slime creatures (shapeshifter) (Depths:2)
  2 vampires
  18 culicivoras
  A spriggan (shapeshifter) (Elf:1)
  4 wyverns
  4 water elementals (Elf:1)
  10 basilisks
  61 yaks
  An alligator snapping turtle simulacrum (Depths:1)
  A basilisk (shapeshifter) (D:12)
  3 wraiths
  A fire elemental (Elf:1)
  A human (D:10)
  5 wargs
  13 vampire mosquitoes
  2 steam dragons
  9 golden eyes
  3 hogs (Lair:5)
  35 redbacks
  18 swamp worms
  A swamp worm (shapeshifter) (Depths:2)
  A glowing shapeshifter zombie (Depths:2)
  An acid dragon (D:12)
  18 water moccasins
  Duvessa (D:4)
  A deep troll zombie (Crypt:2)
  A meliai simulacrum (D:15)
  31 orc warriors
  7 swamp drakes (Swamp:4)
  2 sky beasts
  5 black bears
  A sky beast (shapeshifter) (Vaults:2)
  3 fire dragon simulacra (Depths:1)
  46 laughing skulls
  21 centaurs
  21 ogres
  A boggart (Vaults:3)
  11 wolves
  A rime drake zombie (Crypt:2)
  3 phantoms
  7 kobold brigands
  3 earth elementals
  A fire crab zombie (Crypt:2)
  11 bullfrogs
  2 glowing shapeshifter simulacra (Depths:2)
  A gnoll sergeant (D:7)
  3 scorpions
  A water moccasin zombie (D:7)
  2 wyvern skeletons (Crypt:3)
  13 wights
  Dowan (D:4)
  A queen bee zombie (Crypt:1)
  A snapping turtle simulacrum (Depths:1)
  14 killer bees
  6 electric eels
  A howler monkey (D:6)
  3 bombardier beetles
  2 bullfrog zombies (D:7)
  2 gnoll boudas (D:6)
  20 orc priests
  2 hounds
  3 jellies
  A sleepcap (D:6)
  Terence (D:2)
  4 iguanas
  26 orc wizards
  8 hell rats
  2 killer bee zombies (D:7)
  An ogre skeleton (Crypt:1)
  A mummy (Crypt:3)
  4 howler monkey zombies
  Robin (D:2)
  22 gnolls
  3 river rats (D:9)
  5 adders
  2 white imps
  2 ufetubi (D:6)
  2 ribbon worms (D:3)
  4 dart slugs
  78 orcs
  5 endoplasms
  2 giant cockroaches (D:1)
  16 goblins
  9 hobgoblins
  3 jackals (D:2)
  3 quokkas
  4 ball pythons
  3 bats (D:1)
  An endoplasm zombie (Crypt:1)
  5 frilled lizards
  A jackal zombie (Crypt:1)
  28 kobolds
  3 rats
  A spectral weapon (Depths:1)
1998 creatures vanquished.

Vanquished Creatures (collateral kills)
  A lich (Depths:2)
  2 rockslimes (Slime:5)
  A vampire knight (Depths:2)
  2 hell knights (Vaults:3)
  A wraith (D:10)
  A glowing shapeshifter zombie (Depths:2)
8 creatures vanquished.

Vanquished Creatures (others)
  A deep elf demonologist (Vaults:3)
  An ogre mage (Depths:1)
  A hell knight (Vaults:3)
  2 deep elf knights (Elf:1)
  A deep elf pyromancer (Elf:1)
  2 bloated husks (Swamp:1)
  2 glass eyes (Depths:1)
  3 laughing skulls (WizLab)
  2 orc wizards (Orc:2)
  2 orcs
  A butterfly (D:14)
  10 foxfires
28 creatures vanquished.

Grand Total: 2034 creatures vanquished

Notes
Turn   | Place    | Note
-------+----------+-------------------------------------------
     0 | D:1      | Pooter the Minotaur Berserker began the quest for the Orb.
     0 | D:1      | Reached XP level 1. HP: 19/19 MP: 0/0
   132 | D:1      | Reached skill level 4 in Axes
   344 | D:1      | Reached XP level 2. HP: 26/27 MP: 1/1
   680 | D:1      | You fall into a shaft and drop 1 floor!
   746 | D:1      | Reached XP level 3. HP: 31/33 MP: 2/2
   930 | D:2      | Noticed Robin
   945 | D:2      | Reached ** piety under Trog
   950 | D:1      | Reached skill level 5 in Axes
  1074 | D:2      | Killed Robin
  1075 | D:2      | Reached XP level 4. HP: 40/41 MP: 3/3
  1138 | D:2      | Noticed Terence
  1154 | D:2      | Killed Terence
  1316 | D:2      | Reached skill level 1 in Ranged Weapons
  1528 | D:2      | Reached XP level 5. HP: 47/47 MP: 4/4
  1531 | D:2      | Reached skill level 5 in Fighting
  1531 | D:2      | Reached skill level 6 in Axes
  2025 | D:3      | Reached XP level 6. HP: 49/56 MP: 1/5
  2559 | D:4      | Identified the +1 leather armour of Modesty {rF+ Regen+
                  | Dex+3}
  2642 | D:4      | Reached *** piety under Trog
  2654 | D:4      | Reached skill level 7 in Axes
  2828 | D:4      | Found an opulent altar of Gozag.
  2987 | D:4      | Found Keodaqey's Antique Armour Emporium.
  3011 | D:4      | Noticed Dowan
  3012 | D:4      | Noticed Duvessa
  3019 | D:4      | Killed Dowan
  3024 | D:4      | Killed Duvessa
  3025 | D:4      | Reached XP level 7. HP: 62/62 MP: 4/6
  3742 | D:5      | Entered Level 5 of the Dungeon
  3759 | D:5      | Reached skill level 8 in Axes
  4048 | D:5      | Found a staircase to the Ecumenical Temple.
  4584 | D:6      | Identified the +7 plate armour of Jistrer {rElec rN+ Int+3}
  4691 | D:6      | Reached XP level 8. HP: 71/71 MP: 5/7
  4820 | D:6      | Noticed Maggie
  4832 | D:6      | Reached skill level 9 in Axes
  4840 | D:6      | HP: 4/106 [orc/+0 hand axe (3)]
  4844 | D:6      | Killed Maggie
  5076 | D:6      | Reached skill level 5 in Ranged Weapons
  5233 | D:6      | Reached skill level 1 in Polearms
  5250 | D:6      | Found a shadowy altar of Dithmenos.
  5350 | D:6      | Found a burning altar of Makhleb.
  5633 | D:7      | Reached XP level 9. HP: 81/81 MP: 8/8
  5850 | D:7      | Reached skill level 1 in Evocations
  6026 | D:7      | Reached skill level 5 in Polearms
  6037 | D:7      | Found a basalt altar of Yredelemnul.
  6050 | D:7      | Reached **** piety under Trog
  6930 | D:8      | Reached skill level 10 in Axes
  6956 | D:8      | Noticed Joseph
  6968 | D:8      | Killed Joseph
  6969 | D:8      | Reached XP level 10. HP: 90/90 MP: 9/9
  7082 | D:8      | Noticed Prince Ribbit
  7091 | D:8      | Killed Prince Ribbit
  7450 | D:9      | Noticed Erica
  7554 | D:9      | Found a flagged portal.
  7638 | Bailey   | Entered a bailey
  8225 | Bailey   | Acquired a +2 executioner's axe of venom
  8269 | Bailey   | Noticed an orc sorcerer
  8279 | Bailey   | Killed an orc sorcerer
  8280 | Bailey   | Reached skill level 11 in Axes
  8652 | Bailey   | Found an iron altar of Okawaru.
  8652 | Bailey   | Noticed an orc high priest
  8661 | Bailey   | Killed an orc high priest
  8781 | Bailey   | Identified the +0 cloak of Orthodoxy {Int+4}
  8941 | Bailey   | Noticed an orc knight
  8950 | Bailey   | Killed an orc knight
  8951 | Bailey   | Reached skill level 10 in Ranged Weapons
  9315 | Bailey   | Reached XP level 11. HP: 99/99 MP: 10/10
  9625 | D:9      | Reached skill level 12 in Axes
  9634 | D:9      | Reached skill level 10 in Fighting
  9660 | D:9      | Killed Erica
  9829 | D:9      | Found a staircase to the Lair.
 10240 | D:9      | Reached skill level 13 in Axes
 10300 | D:9      | Noticed Maurice
 10309 | D:9      | Maurice stole 11 boomerangs
 10313 | D:9      | Killed Maurice
 10560 | D:10     | Entered Level 10 of the Dungeon
 10587 | D:10     | Noticed Nergalle
 10686 | D:10     | Killed Nergalle
 10719 | D:10     | Reached skill level 14 in Axes
 10863 | D:10     | Found a staircase to the Orcish Mines.
 11413 | D:10     | Found a stormy altar of Qazlal.
 11604 | Orc:1    | Entered Level 1 of the Orcish Mines
 11611 | Orc:1    | Noticed an orc sorcerer
 11626 | Orc:1    | Killed an orc sorcerer
 11627 | Orc:1    | Reached XP level 12. HP: 110/110 MP: 11/11
 11814 | Orc:2    | Entered Level 2 of the Orcish Mines
 11814 | Orc:2    | Noticed a two-headed ogre
 11814 | Orc:2    | Noticed a two-headed ogre
 11814 | Orc:2    | Noticed a two-headed ogre
 11814 | Orc:2    | Noticed an ogre mage
 11814 | Orc:2    | Noticed a two-headed ogre
 11814 | Orc:2    | Noticed a two-headed ogre
 11814 | Orc:2    | Noticed a two-headed ogre
 11814 | Orc:2    | Noticed Donald
 11814 | Orc:2    | Found Peheb's Jewellery Shop.
 11814 | Orc:2    | Found Huffoweaj's Assorted Antiques.
 11814 | Orc:2    | Found Ocedd's Jewellery Shoppe.
 11815 | Orc:2    | Noticed a two-headed ogre
 11884 | Lair:1   | Entered Level 1 of the Lair of Beasts
 12146 | Lair:1   | Found a runed translucent gate.
 12146 | Lair:1   | Found a runed translucent gate.
 12148 | Lair:1   | Found a runed translucent gate.
 12148 | Lair:1   | Noticed a nine-headed hydra
 12193 | Lair:1   | Reached skill level 15 in Axes
 12368 | Lair:1   | Reached skill level 5 in Evocations
 12927 | Lair:1   | Noticed Arkalis's ghost (novice MiFi)
 12928 | Lair:1   | Noticed an 11-headed hydra
 12936 | Lair:1   | Killed a nine-headed hydra
 12938 | Lair:1   | Killed a five-headed hydra
 12943 | Lair:1   | Killed Arkalis's ghost
 12944 | Lair:1   | Reached skill level 16 in Axes
 12952 | Lair:1   | Identified the +3 scimitar of Wecreeck {freeze, Int+6}
 13070 | Lair:2   | Noticed an eight-headed hydra
 13074 | Lair:2   | Killed a six-headed hydra
 13246 | Lair:2   | Reached XP level 13. HP: 119/119 MP: 12/12
 13271 | Lair:2   | Reached skill level 17 in Axes
 13271 | Lair:2   | Reached XP level 14. HP: 127/127 MP: 13/13
 13272 | Lair:2   | Reached XP level 15. HP: 134/134 MP: 14/14
 13278 | Lair:2   | Reached skill level 18 in Axes
 13304 | Lair:2   | Reached ***** piety under Trog
 13769 | Lair:2   | Received a gift from Trog
 13894 | Lair:2   | Found a hole to the Spider Nest.
 14863 | Lair:3   | Found a stormy altar of Qazlal.
 15477 | Lair:3   | Reached skill level 19 in Axes
 15551 | Lair:3   | Found a staircase to the Swamp.
 15764 | Lair:3   | Upgraded the game from 0.32-a0-747-gc8563f6773 to
                  | 0.32-a0-768-g0f6f1dd4b9
 16463 | Lair:4   | Found a shadowy altar of Dithmenos.
 16835 | Lair:4   | Found a staircase to the Slime Pits.
 17261 | Lair:5   | Entered Level 5 of the Lair of Beasts
 17261 | Lair:5   | Noticed Kirke
 17272 | Lair:5   | Killed Kirke
 18697 | Lair:5   | Reached skill level 20 in Axes
 19696 | Lair:5   | Reached XP level 16. HP: 129/147 MP: 8/15
 21568 | Lair:5   | Reached skill level 15 in Ranged Weapons
 23274 | D:12     | Found Ogemm's Antique Armour Shop.
 23279 | D:12     | Found Kig Woh's Book Shoppe.
 23590 | D:12     | Reached skill level 15 in Fighting
 23708 | D:12     | Found Amasiesairch's Antique Weapon Shoppe.
 24077 | D:13     | Reached skill level 21 in Axes
 24100 | D:13     | Found a gate to the Vaults.
 24650 | D:13     | Reached skill level 1 in Stealth
 25429 | D:14     | Acquired the ring of Eternity {rElec rCorr Dex+6}
 25431 | D:14     | Acquired a ring of protection from cold
 25435 | D:14     | Acquired a +2 hat
 25742 | D:14     | Found a white marble altar of Elyvilon.
 26698 | D:15     | Entered Level 15 of the Dungeon
 27446 | D:15     | Reached XP level 17. HP: 156/156 MP: 16/16
 27459 | D:15     | Acquired 808 gold pieces
 27659 | D:15     | Found an iron altar of Okawaru.
 27798 | D:15     | Found a staircase to the Depths.
 28195 | Orc:1    | Killed Donald
 28606 | Orc:2    | Reached skill level 10 in Evocations
 28609 | Orc:2    | Found Qouh's Jewellery Emporium.
 28736 | Orc:2    | Bought a potion of curing for 69 gold pieces
 28741 | Orc:2    | Bought a ring of see invisible for 195 gold pieces
 29483 | Orc:2    | Found a staircase to the Elven Halls.
 30356 | Orc:2    | Bought an amulet of regeneration for 390 gold pieces
 30535 | Spider:1 | Entered Level 1 of the Spider Nest
 30898 | Spider:1 | Found a runed translucent gate.
 30900 | Spider:1 | Found a runed translucent gate.
 30901 | Spider:1 | Found a runed translucent gate.
 30903 | Spider:1 | Noticed cforsyth's ghost (adept MDCA)
 31096 | Spider:1 | Reached skill level 5 in Dodging
 31100 | Spider:1 | Received a gift from Trog
 32414 | Spider:1 | Reached skill level 10 in Armour
 36134 | Spider:3 | Reached XP level 18. HP: 129/168 MP: 17/17
 36512 | Spider:4 | Entered Level 4 of the Spider Nest
 36953 | Spider:4 | Reached skill level 5 in Stealth
 38536 | Spider:4 | Reached skill level 22 in Axes
 38645 | Spider:4 | Received a gift from Trog
 39093 | Spider:4 | Got a gossamer rune of Zot
 39431 | Swamp:1  | Entered Level 1 of the Swamp
 41807 | Swamp:2  | Upgraded the game from 0.32-a0-768-g0f6f1dd4b9 to
                  | 0.32-a0-779-g362cfcae2a
 44525 | Swamp:3  | Identified the serpent talisman of the Barber Surgeon
                  | {rCorr Int+3}
 44525 | Swamp:3  | Noticed Aizul
 44534 | Swamp:3  | Killed Aizul
 45869 | Swamp:3  | Received a gift from Trog
 46128 | Swamp:4  | Entered Level 4 of the Swamp
 46260 | Swamp:4  | Reached XP level 19. HP: 134/178 MP: 18/18
 46576 | Swamp:4  | Noticed the 27-headed Lernaean hydra
 46762 | Swamp:3  | Killed the 23-headed Lernaean hydra
 47907 | Swamp:4  | Got a decaying rune of Zot
 48317 | Elf:1    | Entered Level 1 of the Elven Halls
 48423 | Elf:1    | Reached skill level 23 in Axes
 48425 | Elf:1    | Reached skill level 10 in Dodging
 48541 | Elf:1    | Paralysed by an air elemental for 1 turns
 48543 | Elf:1    | Paralysed by an air elemental for 1 turns
 48546 | Elf:1    | Paralysed by an air elemental for 1 turns
 49753 | Elf:1    | Found Iklu's Antique Armour Shop.
 49767 | Elf:1    | Bought a glowing scarf for 176 gold pieces
 49844 | Elf:1    | Received a gift from Trog
 50715 | Elf:2    | Reached skill level 1 in Throwing
 50747 | Elf:2    | Found Etrophie's Neck Hole.
 51268 | Elf:2    | Bought a scarf of repulsion for 156 gold pieces
 51567 | Elf:2    | Found a huge runed translucent gate.
 51567 | Elf:2    | Found a huge runed translucent gate.
 51567 | Elf:2    | Found a huge runed translucent gate.
 51567 | Elf:2    | Found a huge runed translucent gate.
 51567 | Elf:2    | Found a huge runed translucent gate.
 52056 | Elf:3    | Entered Level 3 of the Elven Halls
 52245 | Elf:3    | Paralysed by an air elemental for 1 turns
 53146 | Elf:3    | Found Zomaun's Book Boutique.
 53170 | Elf:3    | Found Kibb's Antique Weapon Boutique.
 53424 | Elf:3    | Found Capetw Suano's Antique Weapon Shoppe.
 55008 | Vaults:1 | Entered Level 1 of the Vaults
 55014 | Vaults:1 | Reached XP level 20. HP: 189/189 MP: 19/19
 55132 | Vaults:1 | Received a gift from Trog
 55181 | Vaults:1 | Found a flickering gateway to a bazaar.
 55188 | Bazaar   | Entered a bazaar
 55188 | Bazaar   | Found Liost's Distillery.
 55188 | Bazaar   | Found Dops's Assorted Antiques.
 55203 | Bazaar   | Found Ifukim's Antique Armour Emporium.
 55205 | Bazaar   | Bought 2 potions of mutation for 288 gold pieces
 55208 | Bazaar   | Found Keuddera's General Store.
 55211 | Bazaar   | Bought a pair of polished boots for 171 gold pieces
 55211 | Bazaar   | Identified the +1 pair of boots of Perfidy {Int+3} (You
                  | bought it in a shop in a bazaar)
 55224 | Bazaar   | Bought a potion of curing for 36 gold pieces
 55224 | Bazaar   | Bought a scroll of blinking for 90 gold pieces
 55228 | Bazaar   | Found Xecuqest's General Store.
 55273 | Bazaar   | Bought a potion of curing for 54 gold pieces
 55273 | Bazaar   | Bought a potion of curing for 54 gold pieces
 55273 | Bazaar   | Bought a potion of curing for 54 gold pieces
 55408 | Vaults:1 | Reached skill level 5 in Throwing
 56672 | Vaults:2 | Found a magical portal.
 56681 | WizLab   | Entered Borgnjor's Mausoleum
 58265 | Vaults:2 | Reached skill level 10 in Stealth
 58894 | Vaults:2 | Reached XP level 21. HP: 191/200 MP: 20/20
 58906 | Vaults:2 | Received a gift from Trog
 59766 | Vaults:3 | Found Uxeum's Weapon Shop.
 60003 | Vaults:3 | Received a gift from Trog
 60129 | Vaults:3 | Paralysed by a formless jellyfish for 1 turns
 60144 | Vaults:3 | Noticed Zenata
 60160 | Vaults:3 | Killed Zenata
 60373 | Vaults:3 | You fall into a shaft and drop 1 floor!
 60866 | Vaults:3 | Found a staircase to the Crypt.
 60866 | Vaults:3 | Found a basalt altar of Yredelemnul.
 60870 | Vaults:3 | Found an ancient bone altar of Kikubaaqudgha.
 61260 | Vaults:3 | Found a huge runed translucent gate.
 61260 | Vaults:3 | Found a huge runed translucent gate.
 61260 | Vaults:3 | Found a huge runed translucent gate.
 61262 | Vaults:3 | Found a huge runed translucent gate.
 61262 | Vaults:3 | Found a huge runed translucent gate.
 61263 | Vaults:3 | Found a huge runed translucent gate.
 61263 | Vaults:3 | Found a huge runed translucent gate.
 61263 | Vaults:3 | Found a huge runed translucent gate.
 61263 | Vaults:3 | Found a huge runed translucent gate.
 61264 | Vaults:3 | Found a huge runed translucent gate.
 61264 | Vaults:3 | Found a huge runed translucent gate.
 61264 | Vaults:3 | Found a huge runed translucent gate.
 61264 | Vaults:3 | Found a huge runed translucent gate.
 61265 | Vaults:3 | Found a huge runed translucent gate.
 61266 | Vaults:3 | Found a huge runed translucent gate.
 61266 | Vaults:3 | Found a huge runed translucent gate.
 61268 | Vaults:3 | Found a huge runed translucent gate.
 61269 | Vaults:3 | Found a huge runed translucent gate.
 61270 | Vaults:3 | Found a huge runed translucent gate.
 61286 | Vaults:3 | Found a huge runed translucent gate.
 61287 | Vaults:3 | Found a huge runed translucent gate.
 61288 | Vaults:3 | Found a huge runed translucent gate.
 61288 | Vaults:3 | Found a huge runed translucent gate.
 61299 | Vaults:3 | Found a huge runed translucent gate.
 61300 | Vaults:3 | Found a huge runed translucent gate.
 61301 | Vaults:3 | Found a huge runed translucent gate.
 61302 | Vaults:3 | Found a huge runed translucent gate.
 61302 | Vaults:3 | Found a huge runed translucent gate.
 61306 | Vaults:3 | Found a huge runed translucent gate.
 61308 | Vaults:3 | Found a huge runed translucent gate.
 61308 | Vaults:3 | Found a huge runed translucent gate.
 61308 | Vaults:3 | Found a huge runed translucent gate.
 61308 | Vaults:3 | Found a huge runed translucent gate.
 61312 | Vaults:3 | Found a huge runed translucent gate.
 61313 | Vaults:3 | Found a huge runed translucent gate.
 61314 | Vaults:3 | Found a huge runed translucent gate.
 61316 | Vaults:3 | Upgraded the game from 0.32-a0-779-g362cfcae2a to
                  | 0.32-a0-791-gfc315c9ecd
 61352 | Vaults:3 | Reached skill level 10 in Throwing
 62020 | Vaults:4 | Identified the +0 leather armour "Uwishu" {rCorr Int+3}
 62049 | Vaults:4 | Identified the +0 arbalest "Jikabetu" {penet, *Slow rF-
                  | Str+8 SInv}
 63266 | D:4      | Bought a shiny plate armour for 572 gold pieces
 63520 | Depths:1 | Entered Level 1 of the Depths
 63542 | Depths:1 | Reached XP level 22. HP: 211/211 MP: 21/21
 63565 | Depths:1 | Reached skill level 15 in Armour
 63796 | Depths:1 | Received a gift from Trog
 64285 | Depths:1 | Identified the ring of Lefuruw {rC+ Dex+6 SInv}
 64618 | Depths:1 | Noticed Asterion
 64637 | Depths:1 | Killed Asterion
 64778 | Depths:1 | Noticed a caustic shrike
 64787 | Depths:1 | Killed a caustic shrike
 65660 | Depths:1 | Received a gift from Trog
 66019 | Depths:1 | Found a gateway to Hell.
 66506 | Depths:2 | Found a basalt altar of Yredelemnul.
 66507 | Depths:2 | Found an ancient bone altar of Kikubaaqudgha.
 66507 | Depths:2 | Found a shimmering altar of Xom.
 66960 | Depths:2 | Gained mutation: Your magical capacity is low. (-10% MP) [a
                  | cacodemon]
 67151 | Depths:2 | Found a shimmering altar of Xom.
 67154 | Depths:2 | Identified the +2 falchion "Deoqe Ehupto" {heavy, ^Contam
                  | rElec Int+2 Dex+4}
 67200 | Depths:2 | Gained mutation: You have large cloven feet. [a cacodemon]
 67481 | Depths:2 | Lost mutation: You have large cloven feet. [potion of
                  | mutation]
 67481 | Depths:2 | Lost mutation: Your magical capacity is low. (-10% MP)
                  | [potion of mutation]
 67481 | Depths:2 | Gained mutation: Your muscles are strong. (Str +4, Int/Dex
                  | -1) [potion of mutation]
 67482 | Depths:2 | Lost mutation: Your muscles are strong. (Str +4, Int/Dex
                  | -1) [potion of mutation]
 67482 | Depths:2 | Gained mutation: You have large cloven feet. [potion of
                  | mutation]
 67482 | Depths:2 | Gained mutation: You occasionally lose the ability to drink
                  | potions when taking damage. [potion of mutation]
 67483 | Depths:2 | Lost mutation: You have large cloven feet. [potion of
                  | mutation]
 67483 | Depths:2 | Lost mutation: You occasionally lose the ability to drink
                  | potions when taking damage. [potion of mutation]
 67483 | Depths:2 | Gained mutation: You have large cloven feet. [potion of
                  | mutation]
 67483 | Depths:2 | Gained mutation: Your mind is acute. (Int +4, Str/Dex -1)
                  | [potion of mutation]
 67483 | Depths:2 | Gained mutation: You are partially covered in iridescent
                  | scales. (AC +2) [potion of mutation]
 67483 | Depths:2 | Gained mutation: You are somewhat resistant to further
                  | mutation. [potion of mutation]
 67513 | Depths:2 | Identified the blade talisman of Demons {Dex+3}
 67655 | Depths:2 | Found a corrupted altar of Lugonu.
 67656 | Depths:2 | Found a one-way gate to the infinite horrors of the Abyss.
 67927 | Depths:3 | Noticed a caustic shrike
 68199 | Depths:3 | Reached skill level 15 in Dodging
 69071 | Depths:3 | Identified the +2 spear "Yssinucy" {distort, rPois Str+7
                  | Dex-3}
 69159 | Depths:2 | Reached XP level 23. HP: 222/222 MP: 22/22
 69438 | Depths:2 | Noticed Mara
 69456 | Depths:2 | Noticed Pooter's illusion
 69475 | Depths:2 | Noticed Pooter's illusion
 69480 | Depths:2 | Noticed Pooter's illusion
 69493 | Depths:2 | Killed Mara
 69600 | Depths:2 | Found a one-way gate leading to the halls of Pandemonium.
 70389 | Depths:4 | Entered Level 4 of the Depths
 70665 | Depths:4 | Found a glowing silver altar of Zin.
 70688 | Depths:4 | Identified the +8 halberd of Judgement {speed, rC- rCorr
                  | Str+4}
 70998 | Depths:4 | Found a one-way gateway to a ziggurat.
 71161 | Depths:4 | Identified the +9 mace of Iconoclasm {holy, rF+ Dex+3}
 71336 | Depths:4 | Found a gate to the Realm of Zot.
 71459 | Depths:4 | Identified the orb of Ashenzari's Regard {light, rElec
                  | Str+3 Int+2}
 71459 | Depths:4 | Noticed Frederick
 71489 | Depths:4 | Killed Frederick
 71687 | Depths:4 | Found Fyezxats's Jewellery Boutique.
 71688 | Depths:4 | Found Kuwyqinese's Book Emporium.
 71690 | Depths:4 | Found Gog Jeol's Jewellery Boutique.
 72045 | Depths:4 | Upgraded the game from 0.32-a0-791-gfc315c9ecd to
                  | 0.32-a0-818-gb728d0252e
 72151 | Hell     | Entered the Vestibule of Hell
 72151 | Hell     | Noticed Geryon
 72770 | Slime:1  | Entered Level 1 of the Pits of Slime
 72858 | Slime:3  | Gained mutation: You do not regenerate when monsters are
                  | visible. [a shining eye]
 72949 | Slime:2  | Gained mutation: Your health recovers twice as slowly from
                  | being drained. [a shining eye]
 72966 | Slime:2  | Paralysed by a formless jellyfish for 1 turns
 72972 | Slime:2  | Paralysed by a formless jellyfish for 1 turns
 73021 | Slime:3  | Lost mutation: Your mind is acute. (Int +4, Str/Dex -1)
                  | [potion of mutation]
 73021 | Slime:3  | Lost mutation: You are partially covered in iridescent
                  | scales. (AC +2) [potion of mutation]
 73021 | Slime:3  | Gained mutation: Your system is resistant to poisons.
                  | (rPois) [potion of mutation]
 73022 | Slime:3  | Lost mutation: You have large cloven feet. [potion of
                  | mutation]
 73022 | Slime:3  | Lost mutation: You do not regenerate when monsters are
                  | visible. [potion of mutation]
 73022 | Slime:3  | Gained mutation: You occasionally shout uncontrollably at
                  | your foes. [potion of mutation]
 73023 | Slime:3  | Lost mutation: You are somewhat resistant to further
                  | mutation. [potion of mutation]
 73023 | Slime:3  | Lost mutation: You occasionally shout uncontrollably at
                  | your foes. [potion of mutation]
 73023 | Slime:3  | Lost mutation: Your system is resistant to poisons. (rPois)
                  | [potion of mutation]
 73023 | Slime:3  | Gained mutation: Your mind is acute. (Int +4, Str/Dex -1)
                  | [potion of mutation]
 73023 | Slime:3  | Gained mutation: You are agile. (Dex +4, Str/Int -1)
                  | [potion of mutation]
 73023 | Slime:3  | Lost mutation: You are agile. (Dex +4, Str/Int -1) [potion
                  | of mutation]
 73023 | Slime:3  | Gained mutation: You have hidden genetic potential. [potion
                  | of mutation]
 73073 | Slime:3  | Received a gift from Trog
 73097 | Slime:5  | Entered Level 5 of the Pits of Slime
 73122 | Slime:5  | Gained mutation: You are occasionally teleported next to
                  | monsters. [a shining eye]
 73144 | Slime:5  | Gained mutation: Your body sometimes deteriorates upon
                  | taking damage. [a shining eye]
 73168 | Slime:5  | Lost mutation: You have hidden genetic potential. [potion
                  | of mutation]
 73168 | Slime:5  | Lost mutation: Your mind is acute. (Int +4, Str/Dex -1)
                  | [potion of mutation]
 73168 | Slime:5  | Gained mutation: Your muscles are strong. (Str +4, Int/Dex
                  | -1) [potion of mutation]
 73168 | Slime:5  | Gained mutation: Your muscles are very strong. (Str +8,
                  | Int/Dex -2) [potion of mutation]
 73169 | Slime:5  | Lost mutation: You are occasionally teleported next to
                  | monsters. [potion of mutation]
 73169 | Slime:5  | Lost mutation: Your body sometimes deteriorates upon taking
                  | damage. [potion of mutation]
 73169 | Slime:5  | Lost mutation: Your muscles are very strong. (Str +8,
                  | Int/Dex -2) [potion of mutation]
 73169 | Slime:5  | Gained mutation: You have hidden genetic defects. [potion
                  | of mutation]
 73169 | Slime:5  | Gained mutation: You passively dampen the noise of your
                  | surroundings. [potion of mutation]
 73170 | Slime:5  | Lost mutation: You passively dampen the noise of your
                  | surroundings. [potion of mutation]
 73170 | Slime:5  | Lost mutation: Your health recovers twice as slowly from
                  | being drained. [potion of mutation]
 73170 | Slime:5  | Lost mutation: You have hidden genetic defects. [potion of
                  | mutation]
 73170 | Slime:5  | Gained mutation: Your health recovers twice as slowly from
                  | being drained. [potion of mutation]
 73170 | Slime:5  | Gained mutation: You are vulnerable to heat. (rF-) [potion
                  | of mutation]
 73171 | Slime:5  | Lost mutation: Your health recovers twice as slowly from
                  | being drained. [potion of mutation]
 73171 | Slime:5  | Lost mutation: You are vulnerable to heat. (rF-) [potion of
                  | mutation]
 73171 | Slime:5  | Lost mutation: Your muscles are strong. (Str +4, Int/Dex
                  | -1) [potion of mutation]
 73171 | Slime:5  | Gained mutation: You have large cloven feet. [potion of
                  | mutation]
 73567 | Slime:5  | Gained mutation: Your magical capacity is low. (-10% MP) [a
                  | shining eye]
 73571 | Slime:5  | Gained mutation: Your body sometimes deteriorates upon
                  | taking damage. [a shining eye]
 73619 | Slime:5  | Noticed the Royal Jelly
 74118 | Slime:5  | Found a viscous altar of Jiyva.
 74240 | Slime:5  | Killed the Royal Jelly
 74259 | Slime:5  | Reached XP level 24. HP: 59/235 MP: 9/19
 74606 | Slime:5  | Identified the ring of Pemec {rC+ Str+6 Dex+5}
 74612 | Slime:5  | Identified the amulet of the Sun {Reflect Int+6 SH+5}
 74648 | Slime:5  | Identified the ring "Qaguenie" {Wiz rC+ rN+ Str+3}
 74650 | Slime:5  | Identified the +8 short sword of Guile {heavy, Int+3 Dex+5}
 74651 | Slime:5  | Identified the +4 shortbow of the Pyrrhic Victory {elec,
                  | *Slow Fly rCorr SInv}
 74655 | Slime:5  | Got a slimy rune of Zot
 74671 | Slime:5  | Identified the +1 shortbow of Urelo {antimagic, rPois rCorr
                  | Dex+3}
 74699 | Slime:5  | Identified the staff of Okytehugo {rF+ Int-2 SInv Stlth+
                  | Fire}
 74709 | Slime:5  | Identified the +7 shortbow "Byuplis" {flame, ^Fragile rElec
                  | rC++ Int+2}
 75196 | Crypt:1  | Entered Level 1 of the Crypt
 75470 | Crypt:1  | Noticed Sojobo
 75486 | Crypt:1  | Killed Sojobo
 75855 | Crypt:1  | You fall into a shaft and drop 1 floor!
 75995 | Crypt:1  | Identified the +1 chain mail of Greed {Will+++ Int+2 Dex-3}
 76830 | Crypt:2  | Reached skill level 24 in Axes
 77550 | Crypt:3  | Entered Level 3 of the Crypt
 78073 | Crypt:3  | Noticed Khufu
 78076 | Crypt:3  | Noticed a royal mummy
 78076 | Crypt:3  | Noticed a royal mummy
 78087 | Crypt:3  | Killed Khufu
 78090 | Crypt:3  | Killed a royal mummy
 78093 | Crypt:3  | Killed a royal mummy
 78093 | Crypt:3  | HP: 9/234 [something (14)]
 78094 | Crypt:3  | HP: 2/236 [skeletal warrior/+0 hand axe of electrocution
                  | (14)]
 78094 | Crypt:3  | Mangled by a skeletal warrior

Illustrated notes

Levels and vault maps discovered:
D:1:      elethiomel_arrival_quiet, layout_basic, nicolae_grassy_gnolls
D:2:      layout_basic, uniq_terence, uniq_robin
D:3:      layout_basic
D:4:      layout_basic, nicolae_gozag_cash_rules_everything_around_me,
          nicolae_stop_n_shop_1, nicolae_hexahallways, uniq_duvessa
D:5:      layout_basic, minmay_temple_entry_arrows
D:6:      layout_rooms, mainiacjoe_overflow_alcove_2,
          nicolae_dithmenos_through_a_glass_darkly, uniq_maggie
D:7:      layout_loops_ring, nicolae_yredelemnul_corpse_copse
D:8:      layout_rooms, uniq_prince_ribbit1, uniq_joseph
D:9:      layout_grid_maze, dpeg_lair_monsters, enter_bailey_8, uniq_erica,
          uniq_maurice
D:10:     layout_loops_cross, nicolae_qazlal_eye_of_the_storm, erik_orc_4,
          dreamdust_princess_bridge, uniq_nergalle
D:11:     layout_gridville
D:12:     kennysheep_green_arena, layout_rooms, serial_shops,
          nicolae_shop_crystal, shop, nicolae_shop_advertising_works
          [nicolae_subvault_shop_adworks], chequers_serial_rivers_micro_d,
          minmay_sticks_and_stones
D:13:     layout_cave_pods, david_vaults_2, grunt_ministairs_12,
          einodemon_crawler_minivault
D:14:     layout_basic, serial_curves, eino_curves_04, eino_curves_03,
          eino_curves_02, eino_curves_04, nicolae_elyvilon_peaceful_grove
D:15:     hangedman_depths_entry_try_elsewhere_first, layout_loops_ring,
          hellmonk_okawaru_the_only_friend_you_need
Lair:1:   layout_long_grid, gammafunk_ghost_hydra_chop, beast_lair_carwin_4
Lair:2:   layout_layer_cave, hellmonk_spider_entry_not_the_bees
Lair:3:   layout_cave_shapes, nicolae_swamp_entry_spooky, lemuel_oklob_altar,
          grunt_megastairs_2
Lair:4:   layout_cave_pods, dpeg_slime_entry_corner, lemuel_centaur_altar
Lair:5:   evilmike_catoblepas_cave, layout_gridlike,
          chequers_serial_rivers_marsh, uniq_kirke
Swamp:1:  layout_basic_swamp, serial_swamp_ruin, evilmike_swamp_ruin_house_2,
          evilmike_swamp_ruin_house_4
Swamp:2:  layout_basic_swamp, hangedman_swamp_ruin_hall, swamp_pool_4
Swamp:3:  layout_falls_marsh, evilmike_swamp_ruin_house_5, uniq_aizul
Swamp:4:  swamp, layout_basic_swamp, nicolae_swamp_decorative_isthmus
Spider:1: layout_chambers, gammafunk_ghost_necromancy
Spider:2: layout_spider_delve
Spider:3: nicolae_spider_hilbert_zone_4 [nicolae_spider_hilbert_4_sides_2_open,
          nicolae_spider_hilbert_4_sides_1_open,
          nicolae_spider_hilbert_4_sides_1_open,
          nicolae_spider_hilbert_4_sides_1_open,
          nicolae_spider_hilbert_4_sides_1_open,
          nicolae_spider_hilbert_2_sides_1_open,
          nicolae_spider_hilbert_2_sides_1_open,
          nicolae_spider_hilbert_2_sides_1_open,
          nicolae_spider_hilbert_2_sides_1_open,
          nicolae_spider_hilbert_6_sides_1_open,
          nicolae_spider_hilbert_6_sides_1_open,
          nicolae_spider_hilbert_3_sides_1_open,
          nicolae_spider_hilbert_3_sides_1_open], drop_trap
Spider:4: spider_rune_water
Slime:1:  nicolae_slime_jelly_donut, layout_caves
Slime:2:  layout_caves
Slime:3:  layout_caves
Slime:4:  layout_caves
Slime:5:  slime_pit_nicolae_royal_road_to_ruin
Orc:1:    layout_diamond_mine
Orc:2:    st_orc_open, layout_caves, uniq_donald
Elf:1:    minmay_elf_arrival_summoners, layout_loops_corners, serial_shops,
          shop, minmay_elf_annihilation, grunt_megastairs_3
Elf:2:    elven_hall_of_blades_hangedman_alternative [nicolae_blade_tridents],
          layout_gridlike, nicolae_shop_sticking_my_neck_out
Elf:3:    minmay_elf_hall, layout_loops_cross, serial_glass, glass_columns_a,
          glass_columns_a, glass_columns_a, glass_columns_a, glass_columns_a,
          feat_on_display, minmay_strange_pillars, serial_shops, shop,
          nicolae_shop_competitors_out_of_business, nicolae_lakefront_shop,
          st_stairs_14
Vaults:1: grunt_vaults_bifocal, nicolae_vaults_closet_pinwheel_1,
          vaults_room_octagon, hangedman_vaults_maws,
          hangedman_vaults_variations, v_misc_9, hangedman_vaults_corner,
          nicolae_vaults_storage_closets_2, vaults_dpeg_encased_lava,
          vaults_dpeg_hooks, nicolae_vaults_rhombus_6,
          nicolae_vaults_octothorpe, ontoclasm_vaults_decontamination,
          nicolae_vaults_variable_pillar_hall, vaults_mumra_lcd,
          layout_vaults_omnicross, serial_shops, bzr_in_the_mist
Vaults:2: mu_enter_wizlab_4, nicolae_vaults_sesquioval_fish, v_misc_29,
          nicolae_vaults_network_quincunx
          [nicolae_vaults_network_quincunx_subvault,
          nicolae_vaults_network_quincunx_subvault,
          nicolae_vaults_network_quincunx_subvault,
          nicolae_vaults_network_quincunx_subvault,
          nicolae_vaults_network_quincunx_subvault],
          nicolae_vaults_weapon_check, nicolae_vaults_cochlea, v_misc_25,
          v_rooms_3, ontoclasm_vaults_ring_square,
          nicolae_vaults_branching_niches, nicolae_vaults_bisected_slash,
          v_rooms_2, nicolae_vaults_tetromino_L_2, nicolae_vaults_tangram_1,
          layout_vaults_maze
Vaults:3: hangedman_vaults_corner_blocks, nicolae_vaults_disjoint_gnomons,
          v_misc_12, nicolae_vaults_more_shelving_1, v_rooms_5,
          nicolae_vaults_trapezoid_4, nicolae_vaults_rhombus_7,
          minmay_crypt_entry_necro_gods, nicolae_vaults_puzzle_piece,
          hangedman_vaults_locks, hangedman_vaults_impose, not_door_vault_due,
          nicolae_vaults_tetromino_Z_2, nicolae_vaults_trapezoid_lopsided_3,
          nicolae_vaults_double_plus_2, ontoclasm_vaults_shuriken,
          layout_vaults_omnibox, serial_shops, nicolae_shop_mannequins,
          uniq_zenata
Vaults:4: nicolae_vaults_yaktaur_gun_rack, v_misc_17,
          vaults_room_stairs_pillars, vaults_room_corners,
          nicolae_vaults_little_squares_6, nicolae_vaults_trapezoid_2,
          nicolae_vaults_ring_of_whatevers, hangedman_vaults_maws,
          nicolae_vaults_cochlea, v_misc_28, ontoclasm_vaults_idyll,
          nicolae_vaults_shelves_hall, layout_vaults_quadrants
Crypt:1:  layout_chaotic_city, uniq_sojobo
Crypt:2:  layout_catacombs, roderic_lattice_octagonal_star
Crypt:3:  evilmike_haunted_forest, uniq_khufu, uniq_margery, uniq_jory
Depths:1: layout_gridville, serial_magic_research, hangedman_research_geology,
          hangedman_research_electronics, hangedman_research_thermodynamics,
          hangedman_research_probablistics, hangedman_research_toxicology,
          pf_coc_iceberg, minmay_shattered_shrine, uniq_asterion
Depths:2: skrybe_chaotic_catacombs, layout_gridlike, serial_curves,
          eino_curves_01, eino_curves_01, abyss_entry_flame_altar, hell_entry,
          rand_demon_pan_entry_7, uniq_mara
Depths:3: minmay_ornate_pinched, layout_twisted_cross, grunt_hell_horde,
          abyss_entry, rand_demon_pan_entry_4, nrook_mini_vaults,
          lightli_corner_chamber
Depths:4: grunt_zot_entry_funnels, layout_gridlike, enter_ziggurat_b,
          abyss_entry_crystal, hell_entry, zin_academy, minmay_shop_grove,
          uniq_frederick
Hell

Skill      XL: |  1  2  3  4  5  6  7  8  9 10 11 12 13 14 15 16 17 18 19 20 21 22 23 24 |
---------------+-------------------------------------------------------------------------+-----
Axes           | 4 5 6 7 8 9 10 11 14 16 17 20 21 22 23 24 | 24.1
Fighting       | 4 5 6 7 8 9 11 12 14 15 16 17 18 19 20 21 23 | 23.4
Ranged Weapons | 1 2 3 4 6 8 10 11 12 13 14 16 17 | 17.7
Polearms       | 3 6 |  6.4
Evocations     | 2 4 5 6 8 9 10 11 12 13 | 13.4
Armour         | 4 6 8 11 12 13 14 15 17 18 | 18.6
Stealth        | 2 4 7 9 10 11 12 14 | 14.1
Dodging        | 3 6 9 11 12 13 15 16 | 16.9
Throwing       | 4 8 10 | 10.6

Action                     |  1- 3 |  4- 6 |  7- 9 | 10-12 | 13-15 | 16-18 | 19-21 | 22-24 || total
---------------------------+-------+-------+-------+-------+-------+-------+-------+-------++-------
  Melee: Hand axe          |    29 |       |     5 |       |       |       |       |       ||    34
         Headbutt          |     8 |     7 |    35 |    51 |    56 |   196 |   293 |   360 ||  1006
         Spear             |    14 |    91 |   265 |       |       |       |       |       ||   370
         Battleaxe         |       |       |    14 |    88 |       |       |       |       ||   102
         Executioner's axe |       |       |       |   247 |   291 |   868 |  1130 |  1145 ||  3681
   Fire: Sling             |       |     3 |     2 |       |       |       |       |       ||     5
         Orcbow            |       |       |    26 |    85 |     8 |       |       |       ||   119
         Arbalest          |       |       |       |       |   116 |   530 |   296 |   155 ||  1097
  Throw: Stone             |     5 |       |       |       |       |       |       |       ||     5
         Boomerang         |       |       |    20 |     7 |    21 |    26 |    50 |   148 ||   272
         Dart              |       |       |       |       |       |       |     5 |       ||     5
 Invoke: Berserk           |     3 |     4 |     9 |    15 |     5 |    14 |    13 |    12 ||    75
         Trog's Hand       |       |     2 |     8 |    15 |    12 |    29 |    41 |    40 ||   147
         Brothers in Arms  |       |       |       |       |       |       |     2 |     3 ||     5
  Evoke: Wand              |       |       |       |    10 |     1 |    41 |    36 |     2 ||    90
         Phantom mirror    |       |       |       |       |       |       |       |     1 ||     1
    Use: Scroll            |       |     5 |     8 |    13 |     5 |    16 |    13 |    15 ||    75
         Potion            |       |       |       |     3 |     2 |     8 |     9 |    23 ||    45
   Stab: Paralysed         |       |       |       |     3 |       |    13 |     8 |       ||    24
         Invisible         |       |       |       |       |       |       |    18 |       ||    18
         Distracted        |       |       |       |       |       |       |       |     2 ||     2
 Armour: Animal skin       |    10 |       |       |       |       |       |       |       ||    10
         Chain mail        |    43 |    48 |    53 |       |       |    33 |       |       ||   177
         Plate armour      |       |       |   188 |   378 |   359 |  1220 |  1021 |   481 ||  3647
         Gold dragon scale |       |       |       |       |       |       |       |   464 ||   464
  Dodge: Dodged            |    29 |    28 |    91 |   204 |   192 |   701 |   574 |   570 ||  2389
         Repelled          |       |       |       |       |       |       |    54 |    85 ||   139
  Block: Other             |       |       |       |       |       |    71 |   157 |    80 ||   308
         Reflection        |       |       |       |       |       |     5 |    31 |     3 ||    39

Table legend: (Time is in decaauts)
 A = Elapsed time spent in this place.
 B = Non-inter-level travel time spent in this place.
 C = Inter-level travel time spent in this place.
 D = Time resting spent in this place.
 E = Time spent auto-exploring this place.
 F = Levels seen in this place.
 G = Mean time per level.
                   A        B        C        D        E       F      G
               +--------+--------+--------+--------+--------+-----+--------+
         Total |  78259 |  74391 |   3868 |  33172 |  27756 |  53 | 1476.6 |
       Dungeon |  17193 |  15636 |   1557 |   3393 |   9433 |  15 | 1146.2 |
          Lair |  10678 |   9838 |    840 |   4318 |   4161 |   5 | 2135.6 |
         Swamp |   8699 |   8532 |    167 |   6120 |   1580 |   4 | 2174.8 |
   Spider Nest |   8871 |   8609 |    262 |   4968 |   2467 |   4 | 2217.8 |
    Slime Pits |   2014 |   2014 |      0 |    754 |    204 |   5 |  402.8 |
  Orcish Mines |   3044 |   2919 |    125 |   1665 |    812 |   2 | 1522.0 |
   Elven Halls |   6267 |   6076 |    191 |   3386 |   1286 |   3 | 2089.0 |
        Vaults |   6540 |   6203 |    337 |    997 |   3740 |   4 | 1635.0 |
         Crypt |   2845 |   2788 |     57 |   1393 |    781 |   3 |  948.3 |
        Depths |   8767 |   8440 |    327 |   4155 |   2767 |   4 | 2191.8 |
          Hell |     22 |     22 |      0 |      0 |      0 |   1 |   22.0 |
        Bazaar |    103 |    103 |      0 |      0 |     63 |   1 |  103.0 |
        Bailey |   1918 |   1918 |      0 |   1291 |    281 |   1 | 1918.0 |
        Wizlab |   1291 |   1291 |      0 |    729 |    179 |   1 | 1291.0 |
               +--------+--------+--------+--------+--------+-----+--------+

Top non-repeatable levels by time:
  Lair:5: 4511 daAuts
 Swamp:3: 3010 daAuts
Spider:4: 2813 daAuts
Depths:1: 2577 daAuts
   Elf:1: 2534 daAuts
Depths:2: 2391 daAuts
Spider:2: 2383 daAuts
   Elf:3: 2383 daAuts
 Swamp:2: 2208 daAuts
Spider:1: 2151 daAuts
 Swamp:1: 2004 daAuts
Depths:4: 1933 daAuts
  Bailey: 1918 daAuts
Depths:3: 1863 daAuts
  Lair:2: 1836 daAuts
